 Dungeon Crawl Stone Soup version bcrawl-1.21 (webtiles) character file.

Game seed: 617709003274361270

8107 MisterOstroum the Slicer (level 11, -2/117 HPs)
             Began as a Kobold Reaver on Feb 15, 2020.
             Was a High Priest of Vehumet.
             Succumbed to a death drake's dark miasma
             ... on level 9 of the Dungeon.
             The game lasted 00:42:15 (14752 turns).

MisterOstroum the Slicer (Kobold Reaver)           Turns: 14752, Time: 00:42:15

Health: -2/117     AC:  9    Str: 13    XL:     11   Next: 49%
Magic:  1/19       EV: 19    Int: 19    God:    Vehumet [*****.]
Gold:   276        SH:  0    Dex: 14    Spells: 10/21 levels left

rFire    . . .     SeeInvis .   a - +0 rapier
rCold    . . .     Gourm    .   (shield restricted)
rNeg     + . .     Faith    +   z - +0 steam dragon scales
rPois    .         Spirit   .   H - +0 helmet
rElec    .         Reflect  .   (no cloak)
rCorr    +         Harm     .   (no gloves)
MR       .....                  y - +2 pair of boots
Stlth    ..........             j - amulet of faith
HPRegen  0.29/turn              l - ring of positive energy
MPRegen  0.16/turn              r - ring of resist corrosion

@: berserking, lethally poisoned (-2 -> -29), slightly contaminated, slowed
A: small, talons 1, carnivore, mutation resistance 1
a: Renounce Religion


You were on level 9 of the Dungeon.
You worshipped Vehumet.
Vehumet was extremely pleased with you.
You were very full.

You visited 1 branch of the dungeon, and saw 10 of its levels.

You collected 626 gold pieces.
You spent 350 gold pieces at shops.

Inventory:

Hand Weapons
 a - a +0 rapier (weapon)
 b - a +2 dagger of venom
 o - a +0 hunting sling
 C - a +0 hand crossbow
 F - a +0 blowgun
Missiles
 f - 2314 stones (quivered)
 m - 1349 sling bullets
 G - 110 poisoned needles
Armour
 y - a +2 pair of boots (worn)
 z - +0 steam dragon scales (worn)
 H - a +0 helmet (worn)
 I - the +1 leather armour of the Nightingale {+Blink rF+++ rN+ Int-5}
   (You took it off an orc wizard on level 8 of the Dungeon)

   It affects your intelligence (-5).
   It renders you almost immune to fire.
   It protects you from negative energy.
   It lets you blink.
Jewellery
 j - an amulet of faith (around neck)
 l - a ring of positive energy (left hand)
 r - a ring of resist corrosion (right hand)
Wands
 w - a wand of flame (6)
 A - a wand of iceblast (9)
 D - a wand of polymorph (7)
 E - a wand of random effects (10)
Scrolls
 d - 2 scrolls of immolation
 g - 2 scrolls of noise
 i - 2 scrolls of identify {@r1}
 k - 8 scrolls of remove curse {@r2}
 n - 6 scrolls of teleportation {@r3 !r}
 q - a scroll of fear {!r}
 u - 3 scrolls of magic mapping {@r5 !r}
 v - 4 scrolls of fog {!r}
 x - a scroll of amnesia
Potions
 c - 2 potions of haste {@q4 !q}
 h - 4 potions of mutation
 p - a potion of brilliance
 t - a potion of berserk rage
 B - 4 potions of degeneration
Comestibles
 e - 23 rations {!d}
 J - 2 chunks of flesh


   Skills:
 * Level 8.4 Fighting
 - Level 10.1 Short Blades
 + Level 6.9 Dodging
 + Level 6.0 Stealth
 + Level 5.7 Spellcasting
 + Level 6.4 Conjurations
 + Level 4.7 Transmutations
 - Level 3.2 Ice Magic
 - Level 5.0 Evocations


You had 10 spell levels left.
You knew the following spells:

 Your Spells              Type           Power        Failure   Level  Hunger
a - Freeze                Ice            ###...       1%          1    None
b - Throw Frost           Conj/Ice       ###...       1%          2    None
c - Iskenderun's Mystic   Conj           ####....     1%          3    ##.....
Z - Irradiate             Conj/Tmut      ####......   9%          5    #####..

Your spell library contained the following spells:

 Spells                   Type           Power        Failure   Level  Hunger
 Spellforged Servitor     Conj/Summ      ###.......   99%         7    #######
 Beastly Appendage        Tmut           ###...       1%          1    None
 Sticks to Snakes         Tmut           ###.....     2%          2    None
 Sandblast                Erth           #.....       3%          1    None
 Apportation              Tloc           #.....       12%         1    None
 Infusion                 Chrm           #.......     12%         1    None
 Slow                     Hex            #.......     12%         1    None
 Summon Butterflies       Summ           #.......     12%         1    None
 Spider Form              Tmut/Pois      ##.          13%         3    ##.....
 Ice Form                 Ice/Tmut       ###.....     22%         4    ####...
 Iskenderun's Battlesphe  Conj/Chrm      ###.....     22%         5    #####..
 Blade Hands              Tmut           ###.......   41%         5    #####..


Dungeon Overview and Level Annotations

Branches:
Dungeon (10/12)            Temple (0/1) D:4            Lair (0/6) D:9
    Orc: D:8-11

Altars:
Dithmenos
Trog
Yredelemnul
Zin
The Shining One

Shops:
D:8 :%   D:9 }

Annotations:
D:3 Sigmund, Terence
D:4 for another time, 1 exclusion
D:5 1 runed door, exclusion: door, Prince Ribbit
D:7 2 transporters, Joseph; Sickboy's ghost, novice FrWz


Innate Abilities, Weirdness & Mutations

You are small and have problems with some larger weapons.
You have sharp toenails.
You are carnivorous and can eat meat at any time.
You are somewhat resistant to further mutation.


Message History

Unknown command.
Evoke which item? (* to show all) (? for menu, Esc to quit)
Aiming: Polymorph
Press: ? - help, Shift-Dir - straight line, f/p - tengu warrior
Aim: a tengu warrior, wielding a +0 long sword, wearing a +0 ring mail and wearing a +0 buckler (chance to defeat MR: 43%)
The tengu warrior evaporates and reforms as a swamp dragon!
Unknown command.
Evoke which item? (* to show all) (? for menu, Esc to quit)
Aiming: Polymorph
Press: ? - help, Shift-Dir - straight line, f/p - swamp dragon
Aim: a swamp dragon (chance to defeat MR: 43%)
Okay, then.
Evoke which item? (* to show all) (? for menu, Esc to quit)
Aiming: Polymorph
Press: ? - help, Shift-Dir - straight line, f/p - swamp dragon
Aim: a swamp dragon (chance to defeat MR: 43%)
The swamp dragon evaporates and reforms as a death drake!
Casting: Iskenderun's Mystic Blast (safe; 1% risk of failure)
Confirm with . or Enter, or press ? or * to list all spells.
You erupt in a fountain of uncontrolled magic!
The death drake is blasted with magical radiation!
The death drake is moderately wounded.
The death drake twists and deforms.
You are very lightly contaminated with residual magic.
The death drake breathes miasma at you. The foul vapour misses you.
Unknown command.
Casting: Irradiate (slightly dangerous; 9% risk of failure)
Confirm with . or Enter, or press ? or * to list all spells.
You erupt in a fountain of uncontrolled magic!
The death drake is blasted with magical radiation!
The death drake is heavily wounded.
The death drake twists and deforms.
You are engulfed in dark miasma.
You are poisoned.
You feel your flesh rotting away!
You feel ill.
You feel very sick. The death drake completely misses you.
Casting: Irradiate (slightly dangerous; 9% risk of failure)
Confirm with . or Enter, or press ? or * to list all spells.
You miscast Irradiate.
Your skin tingles.
You are engulfed in dark miasma.
You are more poisoned.
You feel your flesh rotting away!
You feel very sick.
The death drake bites you but does no damage.
The death drake breathes miasma at you. The foul vapour engulfs you!
You are lethally poisoned!
You feel yourself slow down.
You feel extremely sick. The death drake breathes miasma at you.
The foul vapour misses you.
Really quaff
s - 2 potions of curing {@q1 !q}?
You feel better.
You are engulfed in dark miasma.
You are poisoned.
You feel as though you will be slow longer.
You feel sick. The death drake misses you. The death drake barely misses you.
You feel sick. The death drake breathes miasma at you.
The foul vapour misses you. The death drake closely misses you.
Evoke which item? (* to show all) (? for menu, Esc to quit)
Okay, then.
Unknown command.
You are engulfed in dark miasma.
You are more poisoned.
You feel as though you will be slow longer.
You feel very sick. The death drake barely misses you.
Really quaff
s - a potion of curing {@q1 !q}?
You feel better. The death drake barely misses you.
The death drake completely misses you. The death drake barely misses you.
The death drake breathes miasma at you. The foul vapour engulfs you!
You are poisoned.
You feel very sick. The death drake bites you.
* * * LOW HITPOINT WARNING * * *
The death drake closely misses you.
Casting: Irradiate (slightly dangerous; 9% risk of failure)
Confirm with . or Enter, or press ? or * to list all spells.
You erupt in a fountain of uncontrolled magic!
The death drake is blasted with magical radiation!!
The death drake is severely wounded.
The death drake twists and deforms.
You are lightly contaminated with residual magic.
You feel very sick. The death drake breathes miasma at you.
The foul vapour misses you. The death drake bites you.
* * * LOW HITPOINT WARNING * * *
You are engulfed in dark miasma.
You are more poisoned.
* * * LOW HITPOINT WARNING * * *
x2 You feel very sick.
The death drake misses you. The death drake closely misses you.
Okay, then.
* * * LOW HITPOINT WARNING * * *
You feel very sick. The death drake barely misses you.
A red film seems to cover your vision as you go berserk!
You feel yourself moving faster!
You feel mighty!
You die...

#.######.# #.# #>#
#... #.# #..# #.#
#..# .# #)# #..# .#
#.#####..####.#
######.#.........#.#
#...@k...........#.##
#.##..°.............#
#.##.##..........#...
#.......[.........#.#
#..#.##....).....#..#
#..#.##..........##.#
#...................#
##.#.###............#
#.#.#######.........


You could see a death drake.

Vanquished Creatures
  A centaur zombie (D:9)
  2 centaur skeletons (D:9)
  A troll (D:8)
  A hippogriff (D:9)
  A meliai zombie (D:9)
  A human (D:8)
  A wraith (D:8)
  3 hogs (D:8)
  A steam dragon (D:9)
  11 yaks
  2 basilisks (D:9)
  An acid dragon (D:7)
  Duvessa (D:5)
  4 porcupines (D:9)
  2 ice beasts (D:8)
  3 orc warriors
  A black bear (D:9)
  A boggart (D:9)
  A centaur (D:4)
  Blork the orc (D:3)
  5 bullfrogs
  2 big kobolds
  Dowan (D:5)
  3 scorpions
  6 wights
  3 killer bees
  2 howler monkeys (D:7)
  3 electric eels (D:7)
  2 bullfrog zombies
  6 crimson imps
  7 hounds
  A jelly (D:9)
  5 orc priests
  A bullfrog skeleton (D:6)
  Ijyb (D:5)
  2 iguanas
  9 orc wizards
  8 worker ants
  A worker ant zombie (D:6)
  13 adders
  3 gnolls (D:2)
  A shadow imp (D:7)
  2 oozes
  An adder zombie (D:9)
  3 adder skeletons
  2 worms
  12 dart slugs
  4 leopard geckos
  36 orcs
  3 giant cockroaches
  5 goblins
  8 hobgoblins
  16 jackals
  3 quokkas
  A ball python (D:1)
  9 bats
  3 frilled lizards
  20 kobolds
  A quokka zombie (D:5)
  8 rats
262 creatures vanquished.

Vanquished Creatures (others)
  A porcupine (D:9)
  A kobold (D:9)
  3 bushes (D:9)
  3 fungi (D:9)
  16 plants (D:9)
24 creatures vanquished.

Grand Total: 286 creatures vanquished

Notes
Turn   | Place    | Note
-------+----------+-------------------------------------------
     0 | D:1      | MisterOstroum the Kobold Reaver began the quest for the
                  | Orb.
     0 | D:1      | Reached XP level 1. HP: 16/16 MP: 3/3
    62 | D:1      | Reached XP level 2. HP: 10/21 MP: 5/5
   665 | D:1      | Reached * piety under Vehumet
   665 | D:1      | Offered knowledge of Freeze by Vehumet.
   665 | D:1      | Reached XP level 3. HP: 24/27 MP: 6/6
   672 | D:1      | Learned a level 1 spell: Freeze
  1524 | D:2      | Reached skill level 1 in Stealth
  1576 | D:2      | Reached XP level 4. HP: 31/33 MP: 7/7
  1971 | D:2      | Offered knowledge of Throw Frost by Vehumet.
  1975 | D:2      | Learned a level 2 spell: Throw Frost
  2094 | D:2      | Found a bloodstained altar of Trog.
  2120 | D:2      | Reached ** piety under Vehumet
  2279 | D:3      | Reached skill level 5 in Short Blades
  2279 | D:3      | Reached XP level 5. HP: 14/37 MP: 1/8
  2870 | D:3      | Noticed Sigmund
  2895 | D:3      | Reached skill level 1 in Ice Magic
  3086 | D:3      | Reached XP level 6. HP: 37/44 MP: 1/9
  3398 | D:3      | Noticed Terence
  3574 | D:4      | Noticed Blork the orc
  3585 | D:3      | Killed Blork the orc
  3809 | D:4      | Reached skill level 6 in Short Blades
  3888 | D:4      | Offered knowledge of Iskenderun's Mystic Blast by Vehumet.
  3888 | D:4      | Reached skill level 5 in Fighting
  3888 | D:4      | Reached XP level 7. HP: 23/50 MP: 3/10
  3893 | D:4      | Learned a level 3 spell: Iskenderun's Mystic Blast
  4182 | D:4      | Found a staircase to the Ecumenical Temple.
  4373 | D:4      | Reached *** piety under Vehumet
  4373 | D:4      | Reached skill level 5 in Dodging
  4373 | D:4      | Reached skill level 1 in Conjurations
  4804 | D:5      | Entered Level 5 of the Dungeon
  4820 | D:5      | Reached skill level 7 in Short Blades
  4983 | D:5      | Reached XP level 8. HP: 57/57 MP: 9/11
  5278 | D:5      | Noticed Ijyb
  5559 | D:5      | Found a runed door.
  5628 | D:5      | Offered knowledge of Fulminant Prism by Vehumet.
  5765 | D:5      | Noticed Duvessa
  5784 | D:5      | Noticed Prince Ribbit
  6225 | D:5      | Killed Ijyb
  6425 | D:5      | Noticed Dowan
  6938 | D:5      | Killed Dowan
  7353 | D:5      | Killed Duvessa
  7353 | D:5      | Reached skill level 1 in Evocations
  7396 | D:6      | Reached skill level 8 in Short Blades
  7549 | D:6      | Reached **** piety under Vehumet
  7567 | D:6      | Offered knowledge of Irradiate by Vehumet.
  7582 | D:6      | Learned a level 5 spell: Irradiate
  8119 | D:6      | Reached XP level 9. HP: 60/63 MP: 4/12
  8163 | D:6      | Reached skill level 1 in Transmutations
  8621 | D:7      | Noticed Joseph
  9312 | D:7      | Found a transporter.
  9370 | D:7      | Noticed a komodo dragon
  9371 | D:7      | Found a transporter.
  9897 | D:7      | Noticed Sickboy's ghost (novice FrWz)
  9898 | D:7      | Noticed a moth of wrath
  9962 | D:7      | Found a glowing silver altar of Zin.
 10132 | D:7      | Found a basalt altar of Yredelemnul.
 10136 | D:7      | Found a shadowy altar of Dithmenos.
 10157 | D:7      | Found a glowing golden altar of the Shining One.
 11082 | D:8      | Noticed a troll
 11236 | D:9      | Found Minteol's Gadget Shop.
 11246 | D:9      | Reached ***** piety under Vehumet
 11246 | D:9      | Noticed a hippogriff
 11438 | D:9      | Offered knowledge of Yara's Violent Unravelling by Vehumet.
 11578 | D:9      | Reached XP level 10. HP: 49/69 MP: 7/15
 11731 | D:9      | Reached skill level 5 in Conjurations
 12128 | D:9      | Reached skill level 5 in Evocations
 12261 | D:9      | Found a staircase to the Lair.
 12282 | D:10     | Entered Level 10 of the Dungeon
 12715 | D:9      | Reached skill level 9 in Short Blades
 12732 | D:9      | Bought a wand of iceblast (9) for 182 gold pieces
 12774 | D:9      | Noticed a tengu warrior
 12806 | D:9      | Bought a wand of random effects (10) for 168 gold pieces
 12898 | D:9      | Reached skill level 5 in Spellcasting
 13135 | D:9      | Reached XP level 11. HP: 54/75 MP: 10/18
 13135 | D:9      | Reached skill level 5 in Stealth
 13535 | D:8      | Offered knowledge of Spellforged Servitor by Vehumet.
 13575 | D:8      | Identified the +1 leather armour of the Nightingale {+Blink
                  | rF+++ rN+ Int-5}
 13576 | D:8      | Found Xeliz's Food Shop.
 13576 | D:8      | Found Tecs's Book Shoppe.
 13610 | D:8      | Reached skill level 10 in Short Blades
 14737 | D:9      | Noticed a swamp dragon
 14737 | D:9      | a tengu warrior changed into a swamp dragon
 14738 | D:9      | Noticed a death drake
 14738 | D:9      | a swamp dragon changed into a death drake
 14751 | D:9      | HP: 1/78 [poisoned by a death drake (dark miasma)]
 14752 | D:9      | Succumbed to a death drake's dark miasma

Skill      XL: |  1  2  3  4  5  6  7  8  9 10 11 |
---------------+----------------------------------+-----
Dodging        | 4 5 6 |  6.9
Stealth        | 1 3 4 6 |  6.0
Fighting       | 4 5 6 7 8 |  8.4
Short Blades   | 5 6 7 8 9 10 | 10.1
Ice Magic      | 1 2 3 |  3.2
Conjurations   | 1 2 4 6 |  6.4
Evocations     | 1 4 5 |  5.0
Transmutations | 3 4 |  4.7
Spellcasting   | 3 5 |  5.7

Action                   |  1- 3 |  4- 6 |  7- 9 | 10-12 || total
-------------------------+-------+-------+-------+-------++-------
Melee: Rapier            |   122 |   118 |   204 |   147 ||   591
       Kick              |    25 |    25 |     5 |       ||    55
       Dagger            |       |       |    63 |       ||    63
Throw: Stone             |     1 |     3 |    14 |    10 ||    28
 Cast: Throw Frost       |       |    34 |   118 |    22 ||   174
       Freeze            |       |    21 |    73 |    43 ||   137
       Iskenderun's Myst |       |       |    39 |    16 ||    55
       Irradiate         |       |       |     6 |    38 ||    44
Evoke: Wand              |       |       |    13 |     6 ||    19
  Use: Scroll            |       |       |     4 |     7 ||    11
       Potion            |       |       |     2 |     3 ||     5
 Stab: Sleeping          |     1 |     5 |     5 |       ||    11
       Petrified         |       |       |     4 |       ||     4
  Eat: Chunk             |    11 |     9 |    34 |    26 ||    80
Armor: Steam dragon scal |    37 |    33 |    64 |    50 ||   184
Dodge: Dodged            |   124 |   100 |   237 |   230 ||   691
